[Event "Early-Titled-Tuesday-Blitz-June-18-2024"]
[Site "Chess.com"]
[Date "2024.06.18"]
[Round "1"]
[White "Kislov_Oleg"]
[Black "Boudicca64"]
[Result "1-0"]
[WhiteElo "2549"]
[BlackElo "1835"]
[TimeControl "180+1"]
[EndTime "8:05:33 PDT"]
[Termination "Kislov_Oleg won by checkmate"]

1. e4 g6 2. d4 Bg7 3. Nc3 c5 4. Be3 Qa5 5. Ne2 Nf6 6. Qd2 cxd4 7. Nxd4 O-O 8. Bc4 Ng4 9. O-O-O Nxe3 10. Qxe3 a6 11. h4 b5 12. Bb3 Nc6 13. Nxc6 dxc6 14.
h5 c5 15. hxg6 hxg6 16. Bd5 Rb8 17. Qg3 e6 18. Qxb8 exd5 19. Nxd5 Re8 20. Ne7+ Kf8 21. Nxc8 Qxa2 22. Qd6+ Kg8 23. Ne7+ Rxe7 24. Qd8+ Bf8 25. Rh8+ Kxh8 26. Qxf8+ Kh7 27. Rh1# 1-0

[Event "Early-Titled-Tuesday-Blitz-June-18-2024"]
[Site "Chess.com"]
[Date "2024.06.18"]
[Round "1"]
[White "WilliamAlfaroCaracas"]
[Black "kingnb"]
[Result "0-1"]
[WhiteElo "2371"]
[BlackElo "2685"]
[TimeControl "180+1"]
[EndTime "8:05:34 PDT"]
[Termination "kingnb won on time"]

1. d4 Nf6 2. Nf3 g6 3. c4 Bg7 4. Nc3 O-O 5. g3 d6 6. Bg2 c6 7. O-O Qa5 8. h3 Be6 9. Qd3 Qa6 10. b3 d5 11. Ne5 Rd8 12. cxd5 Qxd3 13. Nxd3 Nxd5 14.
Nxd5 Bxd5 15. e3 Na6 16. Ba3 Bxg2 17. Kxg2 Kf8 18. Rac1 Ke8 19. Rfd1 Rd5 20. Nc5 Nxc5 21. Rxc5 Rad8 22. Rdc1 e5 23. dxe5 Rxe5 24. Kf3 Rd2 25. Rxe5+ Bxe5 26. Bc5 Rxa2 27. Rd1 Bc7 0-1

[Event "Early-Titled-Tuesday-Blitz-June-18-2024"]
[Site "Chess.com"]
[Date "2024.06.18"]
[Round "1"]
[White "Sondremelaa"]
[Black "JiiHart"]
[Result "1-0"]
[WhiteElo "2590"]
[BlackElo "2206"]
[TimeControl "180+1"]
[EndTime "8:05:35 PDT"]
[Termination "Sondremelaa won by checkmate"]

1. e4 c5 2. Nf3 Nc6 3. d4 cxd4 4.
Nxd4 Nf6 5. Nc3 d6 6. Bg5 Bd7 7. Qd2 a6 8. O-O-O e6 9. Kb1 b5 10. Nxc6 Bxc6 11. f3 Be7 12. h4 Qc7 13. Ne2 Rc8 14.
Nd4 Bd7 15. h5 h6 16. Be3 d5 17. e5 Nh7 18. f4 f6 19. f5 fxe5 20. fxe6 exd4 21.
exd7+ Qxd7 22. Bxd4 O-O 23. Bd3 Nf6 24. g4 Ne4 25.
Qg2 Nc5 26. Bf5 Rxf5 27. gxf5 Qxf5 28. Qxg7# 1-0

[Event "Early-Titled-Tuesday-Blitz-June-18-2024"]
[Site "Chess.com"]
[Date "2024.06.18"]
[Round "1"]
[White "MatthewG-p4p"]
[Black "szachmistrz2500"]
[Result "1-0"]
[WhiteElo "2868"]
[BlackElo "2494"]
[TimeControl "180+1"]
[EndTime "8:05:36 PDT"]
[Termination "MatthewG-p4p won by resignation"]

1. f4 g6 2. Nf3 Bg7 3. g3 c5 4.
Bg2 Nc6 5. O-O e6 6. d3 Nge7 7. e4 d6 8. Nc3 Rb8 9. a4 a6 10. g4 O-O 11. f5 exf5 12. gxf5 gxf5 13. Nh4 fxe4 14. dxe4 Ng6 15. Nf5 Bxf5 16. exf5 Nge5 17. Qh5 Kh8 18. f6 Bxf6 19. Nd5 Bg7 20. Bg5 f6 21. Be4 h6 22. Bxh6 f5 23. Bg5+ Kg8 24. Bxd8 fxe4 25. Rxf8+ Kxf8 26. Bc7 Nf3+ 27. Kh1 Re8 28. Bxd6+ 1-0

[Event "Early-Titled-Tuesday-Blitz-June-18-2024"]
[Site "Chess.com"]
[Date "2024.06.18"]
[Round "1"]
[White "Alen_Yeremyann"]
[Black "Chaubunagungamaug1"]
[Result "1-0"]
[WhiteElo "2825"]
[BlackElo "2470"]
[TimeControl "180+1"]
[EndTime "8:05:37 PDT"]
[Termination "Alen_Yeremyann won on time"]

1. e4 c5 2. Nc3 e6 3. d4 cxd4 4. Qxd4 Nc6 5. Qd2 Bb4 6. a3 Ba5 7. b4 Bc7 8. Bb2 Nf6 9. f3 O-O 10. O-O-O a6 11. Kb1 b6 12. Nh3 Qe7 13. Bc4 Rd8 14.
Bb3 Bb7 15. Rhe1 Qf8 16. Qg5 h6 17. Qh4 Ne5 18. Ne2 d5 19. exd5 Nxd5 20. Nd4 Ng6 21. Qf2 Ndf4 22. Nxf4 Nxf4 23. g3 Ng6 24. Ka2 Bd5 25.
c4 Bb7 26. c5 bxc5 27. Nxe6 fxe6 28. Rxd8 Rxd8 29. Rxe6 Bd5 30. Bxd5 Rxd5 31. Qc2 Ne5 32. Qe4 Rd2 33. f4 Qf7 34. Qa8+ 1-0

[Event "Early-Titled-Tuesday-Blitz-June-18-2024"]
[Site "Chess.com"]
[Date "2024.06.18"]
[Round "1"]
[White "Iskusnyh"]
[Black "Senn71"]
[Result "1-0"]
[WhiteElo "2659"]
[BlackElo "2347"]
[TimeControl "180+1"]
[EndTime "8:05:40 PDT"]
[Termination "Iskusnyh won by resignation"]

1. d4 d5 2. c4 c6 3. Nf3 Nf6 4.
e3 Bf5 5. Nc3 e6 6. Nh4 Be4 7.
f3 Bg6 8. Bd2 Nbd7 9. Nxg6 hxg6 10. Qc2 Bd6 11. O-O-O dxc4 12. Bxc4 b5 13. Be2 a6 14.
Ne4 Nxe4 15. fxe4 Rc8 16. e5 Be7 17. Kb1 Nb6 18. Ba5 Qc7 19. h4 Rxh4 20. Rxh4 Bxh4 21.
Rh1 Bd8 22. Rh8+ Kd7 23. Rf8 Be7 24. Rxf7 c5 25. d5 exd5 26. Bg4+ Ke8 27. Qxg6 1-0

[Event "Early-Titled-Tuesday-Blitz-June-18-2024"]
[Site "Chess.com"]
[Date "2024.06.18"]
[Round "1"]
[White "Masterisback04"]
[Black "aeiiuu"]
[Result "0-1"]
[WhiteElo "2122"]
[BlackElo "2570"]
[TimeControl "180+1"]
[EndTime "8:05:40 PDT"]
[Termination "aeiiuu won on time"]

1. e4 e6 2. d4 d5 3. e5 c5 4. c3 Nc6 5. Nf3 f6 6. Bd3 cxd4 7. cxd4 Bb4+ 8. Nc3 fxe5 9. Nxe5 Nxe5 10. dxe5 Ne7 11. Qg4 d4 12. O-O dxc3 13. Bb5+ Bd7 14. Qxb4 Nd5 15. Bxd7+ Qxd7 16. Qa3 Qe7 17. Qa4+ Qd7 18.
Qa3 Rc8 19. bxc3 Rxc3 20. Qxa7 O-O 21. Rb1 Rf7 22. Ba3 h5 23. Bd6 h4 24. Rb3 Rxb3 25.
axb3 Qb5 26. Qb8+ Kh7 27. Qd8 Rf4 28. g3 Qe2 29. Qg5 Ne3 30. Ra1 Qxf2+ 0-1

[Event "Early-Titled-Tuesday-Blitz-June-18-2024"]
[Site "Chess.com"]
[Date "2024.06.18"]
[Round "1"]
[White "KarlEmilElmer"]
[Black "Zavgorodniy_Sergiy"]
[Result "0-1"]
[WhiteElo "2183"]
[BlackElo "2587"]
[TimeControl "180+1"]
[EndTime "8:05:42 PDT"]
[Termination "Zavgorodniy_Sergiy won by checkmate"]

1. d4 Nf6 2. c4 e6 3. Nc3 Bb4 4.
Bg5 h6 5. Bh4 g5 6. Bg3 Ne4 7.
Qc2 f5 8. Be5 Rg8 9. f3 d6 10.
Bg3 Bxc3+ 11. bxc3 Nxg3 12. hxg3 Qf6 13. e4 Nc6 14.
O-O-O Bd7 15. d5 Ne5 16. f4 Ng4 17. exf5 Ne3 18. Qe2 Qxc3+ 19. Kb1 Nxd1 20. fxe6 Ba4 21. Rxh6 O-O-O 22. Rh7 Ne3 23. Nf3 Bc2+ 24. Kc1 Bxh7+ 25. Qc2 Qxc2# 0-1

[Event "Early-Titled-Tuesday-Blitz-June-18-2024"]
[Site "Chess.com"]
[Date "2024.06.18"]
[Round "1"]
[White "GlavkonVVS"]
[Black "wonderfultime"]
[Result "0-1"]
[WhiteElo "2539"]
[BlackElo "3060"]
[TimeControl "180+1"]
[EndTime "8:05:43 PDT"]
[Termination "wonderfultime won by resignation"]

1. c4 c6 2. Nc3 d5 3. d4 Nf6 4. Nf3 a6 5. e3 Bf5 6. Qb3 Ra7 7. Nh4 Be4 8. f3 dxc4 9. Bxc4 Bd5 10. e4 Bxc4 11. Qxc4 b5 12. Qd3 e5 13.
Be3 Rd7 14. O-O-O exd4 15. Bxd4 Bc5 16. Nf5 Bxd4 17. Nxd4 c5 18. e5 Rxd4 19. Qe2 Nd5 20. Ne4 O-O 21. Kb1 Nf4 22. Qc2 Nc6 23. a3 Nxe5 24.
Nxc5 Nc4 25. g3 Ne3 26. Rxd4 Qxd4 27. Qc3 Qxc3 28. bxc3 Nfd5 29. Kb2 Rc8 30. Nxa6 Rxc3 0-1

[Event "Early-Titled-Tuesday-Blitz-June-18-2024"]
[Site "Chess.com"]
[Date "2024.06.18"]
[Round "1"]
[White "AmbartsumianTyhran2012"]
[Black "GM_dmitrij"]
[Result "0-1"]
[WhiteElo "2536"]
[BlackElo "3036"]
[TimeControl "180+1"]
[EndTime "8:05:43 PDT"]
[Termination "GM_dmitrij won by checkmate"]

1. e4 c6 2. d4 d5 3. e5 c5 4. dxc5 e6 5. Nf3 Bxc5 6. a3 Nd7 7. Bd3 f6 8. exf6 Ngxf6 9. O-O O-O 10. c4 e5 11. b4 Bb6 12. Bf5 e4 13. Nd4 Ne5 14. Ne6 Bxe6 15. Bxe6+ Kh8 16. cxd5 Nd3 17. Be3 Nxd5 18.
Bxb6 Qxb6 19. Bxd5 Rxf2 20. Rxf2 Qxf2+ 21. Kh1 Qd4 22. Qf1 Nf2+ 23. Kg1 Rf8 24. Nc3 Nh3+ 25. Kh1 Rxf1+ 26.
Rxf1 Qg1+ 27. Rxg1 Nf2# 0-1

[Event "Early-Titled-Tuesday-Blitz-June-18-2024"]
[Site "Chess.com"]
[Date "2024.06.18"]
[Round "1"]
[White "GHANDEEVAM2003"]
[Black "Likvidator228"]
[Result "1-0"]
[WhiteElo "2991"]
[BlackElo "2534"]
[TimeControl "180+1"]
[EndTime "8:05:43 PDT"]
[Termination "GHANDEEVAM2003 won by resignation"]

1. c4 c6 2. Nf3 d5 3. e3 Nf6 4. b3 Bg4 5. Bb2 e6 6. h3 Bh5 7.
Be2 Nbd7 8. O-O Be7 9. Ne5 Bxe2 10. Qxe2 Nxe5 11. Bxe5 O-O 12. d3 Nd7 13. Bb2 Bf6 14.
Nc3 a5 15. d4 Be7 16. e4 Nf6 17. e5 Nd7 18. cxd5 cxd5 19. f4 Qb6 20. Na4 Qa6 21.
Qe3 f5 22. exf6 Nxf6 23. Nc5 Bxc5 24. dxc5 Ne4 25. Qd4 Rf6 26. Rf3 Raf8 27. f5 Qc6 28. fxe6 Qxe6 29. Rd1 R8f7 30. Rxf6 Nxf6 31. Qd2 Rd7 32.
Qxa5 Qe3+ 33. Kh1 Ne4 34. Qa8+ Kf7 35. Rf1+ Ke6 36. Qg8+ Ke7 37. Rf7+ Ke6 38. Qe8+ 1-0

[Event "Early-Titled-Tuesday-Blitz-June-18-2024"]
[Site "Chess.com"]
[Date "2024.06.18"]
[Round "1"]
[White "JacksterThePro"]
[Black "Msb2"]
[Result "0-1"]
[WhiteElo "2537"]
[BlackElo "3050"]
[TimeControl "180+1"]
[EndTime "8:05:44 PDT"]
[Termination "Msb2 won by resignation"]

1. d4 d5 2. c4 e6 3. Nc3 Bb4 4. cxd5 exd5 5. Bf4 c5 6. e3 c4 7.
Nf3 Nc6 8. Ne5 Nf6 9. Be2 Ne4 10. Rc1 Qa5 11. Nxc6 bxc6 12. O-O Bxc3 13. bxc3 Nxc3 14. Qe1 Nxe2+ 15. Qxe2 O-O 16. e4 Re8 17. e5 Bf5 18. Rfe1 Bd3 19. Qg4 Re6 20. h4 Qxa2 21. h5 Qb2 22.
Rcd1 Qxd4 23. Re3 Bf5 24. Qxf5 Qxd1+ 25. Kh2 g6 26. hxg6 hxg6 27. Qg5 Qh5+ 28. Qxh5 gxh5 29. Bg5 Rg6 30. Bf6 d4 31. Re4 c5 32. f4 c3 33.
f5 Rg4 34. Re1 c2 35. e6 fxe6 36. fxe6 d3 37. Bc3 Rc4 38. Bd2 Re8 39. e7 Rg4 40. g3 Kf7 41. Kg2 Rxe7 0-1

[Event "Early-Titled-Tuesday-Blitz-June-18-2024"]
[Site "Chess.com"]
[Date "2024.06.18"]
[Round "1"]
[White "secretworker2027"]
[Black "Nechitaylo_Nikita"]
[Result "1-0"]
[WhiteElo "2655"]
[BlackElo "2336"]
[TimeControl "180+1"]
[EndTime "8:05:44 PDT"]
[Termination "secretworker2027 won on time"]

1. e4 c5 2. Nc3 Nc6 3. Bb5 Nd4 4. Nf3 e6 5. Bc4 a6 6. d3 b5 7. Bb3 Bb7 8. Nxd4 cxd4 9. Ne2 Bc5 10. O-O Ne7 11. c3 dxc3 12. Nxc3 d5 13. d4 Bb6 14.
e5 Nf5 15. Ne2 O-O 16. Bc2 f6 17. Bxf5 exf5 18. e6 Qd6 19. Nf4 g5 20. Nd3 Bxd4 21. Re1 Rae8 22. Bd2 Rxe6 23. Bb4 Rxe1+ 24. Qxe1 Qb6 25.
Bxf8 Kxf8 26. a4 b4 27. Qxb4+ Qxb4 28. Nxb4 Bxb2 29. Rb1 Bc3 30. Na2 d4 31. Rxb7 Ba5 32. Rd7 Bb6 33. Rd6 Bc5 34. Rd5 Bb6 35. a5 Ba7 36. Nb4 Ke7 37. Nxa6 1-0

[Event "Early-Titled-Tuesday-Blitz-June-18-2024"]
[Site "Chess.com"]
[Date "2024.06.18"]
[Round "1"]
[White "yobdc"]
[Black "GOGIEFF"]
[Result "0-1"]
[WhiteElo "2536"]
[BlackElo "3015"]
[TimeControl "180+1"]
[EndTime "8:05:48 PDT"]
[Termination "GOGIEFF won by resignation"]

1. Nf3 d5 2. g3 Bg4 3. Bg2 c6 4.
h3 Bh5 5. d3 Nd7 6. Nbd2 e6 7.
O-O Bd6 8. e4 Ne7 9. Qe1 O-O 10.
g4 Bg6 11. Nh4 Bf4 12. Qe2 Qc7 13. Kh1 Rae8 14. Ndf3 dxe4 15. dxe4 Bxc1 16. Raxc1 Rd8 17.
Ne1 e5 18. Nd3 Rfe8 19. Nf5 Nf8 20. Qe3 Ne6 21. Qg3 f6 22. h4 Bf7 23. g5 fxg5 24. hxg5 Ng6 25. Rfd1 c5 26. Bf1 a5 27. Ne1 Nef4 28.
Nf3 Qc6 29. b3 Qxe4 30. Bd3 Nxd3 31. cxd3 Qxf5 0-1

[Event "Early-Titled-Tuesday-Blitz-June-18-2024"]
[Site "Chess.com"]
[Date "2024.06.18"]
[Round "1"]
[White "tptagain"]
[Black "chrisclaireredfield"]
[Result "1-0"]
[WhiteElo "2932"]
[BlackElo "2510"]
[TimeControl "180+1"]
[EndTime "8:05:48 PDT"]
[Termination "tptagain won by resignation"]

1. d4 d5 2. Nf3 Nf6 3. e3 g6 4. c4 c6 5. Nc3 Bg7 6. Be2 O-O 7.
O-O a6 8. a4 a5 9. cxd5 cxd5 10.
b3 Nc6 11. Ba3 Re8 12. Rc1 Bf5 13. h3 Rc8 14. Bb5 Ne4 15. Nxe4 Bxe4 16. Ne5 Bxe5 17.
dxe5 Bf5 18. Qd2 Rf8 19. Rfd1 Be6 20. e4 dxe4 21. Qg5 f6 22. exf6 exf6 23. Rxd8 fxg5 24. Rxf8+ Rxf8 25. Bxf8 Kxf8 26. Bxc6 bxc6 27. Rc5 Bxb3 28. Rxa5 Ke7 29. Ra7+ Kd6 30. a5 c5 31. Kf1 c4 32.
Ke1 c3 33. Rxh7 Bc4 34. Kd1 Kc5 35. Rc7+ Kb4 36. Rxc4+ 1-0

[Event "Early-Titled-Tuesday-Blitz-June-18-2024"]
[Site "Chess.com"]
[Date "2024.06.18"]
[Round "1"]
[White "IMRosen"]
[Black "Xavier_mompel"]
[Result "1-0"]
[WhiteElo "2759"]
[BlackElo "2425"]
[TimeControl "180+1"]
[EndTime "8:05:49 PDT"]
[Termination "IMRosen won by resignation"]

1. e4 c5 2. Nc3 d6 3. f4 Nc6 4. Nf3 g6 5. Bc4 Bg7 6. O-O e6 7. d4 Nxd4 8. Be3 Nxf3+ 9. Qxf3 Ne7 10. f5 exf5 11. exf5 Bxf5 12. g4 O-O 13. gxf5 Nxf5 14. Bf2 Be5 15. Bg3 Nxg3 16. hxg3 Kg7 17. Qxb7 Qg5 18.
Rxf7+ Rxf7 19. Qxf7+ Kh6 20. Qf3 Re8 21. Kg2 Qd2+ 22.
Ne2 Qg5 23. Rh1+ 1-0

[Event "Early-Titled-Tuesday-Blitz-June-18-2024"]
[Site "Chess.com"]
[Date "2024.06.18"]
[Round "1"]
[White "Hsper248"]
[Black "UK_23"]
[Result "1-0"]
[WhiteElo "2718"]
[BlackElo "2399"]
[TimeControl "180+1"]
[EndTime "8:05:49 PDT"]
[Termination "Hsper248 won by resignation"]

1. e4 c6 2. d4 d5 3. e5 Bf5 4. Be3 e6 5. c3 Nd7 6. f4 c5 7. Bd3 Bxd3 8. Qxd3 Qb6 9. b3 Rc8 10. Ne2 h5 11. O-O Nh6 12. Kh1 g6 13. Nd2 Nf5 14. Bf2 h4 15. c4 cxd4 16. cxd5 Nc5 17. Qh3 Bg7 18. Nxd4 Ng3+ 19. Kg1 Qd8 20. hxg3 hxg3 21.
Qxg3 Qxd5 22. Rad1 Qd8 23. Nc4 Kf8 24. Nf5 Qc7 25.
Nfd6 Rd8 26. Nb5 Qc8 27. Rxd8+ Qxd8 28. Bxc5+ 1-0

[Event "Early-Titled-Tuesday-Blitz-June-18-2024"]
[Site "Chess.com"]
[Date "2024.06.18"]
[Round "1"]
[White "averageFM"]
[Black "Sprinc1"]
[Result "1-0"]
[WhiteElo "2579"]
[BlackElo "2176"]
[TimeControl "180+1"]
[EndTime "8:05:49 PDT"]
[Termination "averageFM won by checkmate"]

1. e4 e5 2. Nf3 Nc6 3. Nc3 Nf6 4. a4 Bc5 5. Nxe5 Nxe5 6. d4 Bxd4 7. Qxd4 d6 8. Be2 O-O 9. O-O h6 10. h3 Re8 11. Be3 Qe7 12. Nd5 Nxd5 13. exd5 Qf6 14. f4 Nd7 15. Bb5 a6 16. Bxd7 Bxd7 17. Qxf6 gxf6 18. Bd4 Re2 19. Rf2 Rae8 20. Bxf6 Bf5 21.
Rc1 Re1+ 22. Rxe1 Rxe1+ 23. Kh2 Rc1 24. c3 Be4 25. Re2 Bxd5 26. Re8+ Kh7 27. f5 Rh1+ 28.
Kxh1 Bxg2+ 29. Kxg2 h5 30. Rh8# 1-0

[Event "Early-Titled-Tuesday-Blitz-June-18-2024"]
[Site "Chess.com"]
[Date "2024.06.18"]
[Round "1"]
[White "SkinnyPuppy8"]
[Black "AmartuvshinGanzorig"]
[Result "1-0"]
[WhiteElo "2170"]
[BlackElo "2557"]
[TimeControl "180+1"]
[EndTime "8:05:50 PDT"]
[Termination "SkinnyPuppy8 won by checkmate"]

1. e4 e5 2. Nc3 Nf6 3. Bc4 Be7 4. d3 O-O 5. f4 d6 6. f5 c6 7. g4 d5 8. Bb3 dxe4 9. Nxe4 Nxe4 10. dxe4 Bh4+ 11.
Ke2 Qb6 12. Be3 Qb4 13. Qd3 b6 14. c3 Qe7 15. Nf3 Rd8 16. Qc2 Ba6+ 17. c4 b5 18. Rad1 Nd7 19. g5 Nb6 20. Nxh4 bxc4 21. Ba4 c3+ 22.
Kf2 Nc4 23. Qxc3 Nxe3 24. Qxe3 Qb4 25. Bb3 Rd4 26. Rhe1 Rad8 27. Nf3 Rxd1 28. Rxd1 Rxd1 29. Bxd1 Qxb2+ 30. Qd2 Qb6+ 31. Kg3 h6 32. gxh6 f6 33. Bb3+ Kh7 34. Qd7 Kxh6 35. Qf7 Kh7 36. Qg8+ Kh6 37.
Qh8# 1-0

[Event "Early-Titled-Tuesday-Blitz-June-18-2024"]
[Site "Chess.com"]
[Date "2024.06.18"]
[Round "1"]
[White "Dewarfd"]
[Black "Muracle"]
[Result "0-1"]
[WhiteElo "2133"]
[BlackElo "2571"]
[TimeControl "180+1"]
[EndTime "8:05:52 PDT"]
[Termination "Muracle won by resignation"]

1. Nf3 Nf6 2. c4 c6 3. g3 g6 4.
b4 d5 5. cxd5 cxd5 6. Bg2 Bg7 7.
Bb2 O-O 8. O-O Qb6 9. a3 a5 10. Bd4 Qa6 11. Qb3 Qxe2 12. Re1 Qc4 13. Qxc4 dxc4 14.
Rxe7 Nc6 15. Re1 Nxd4 16. Nxd4 axb4 17. Ra2 b3 18. Ra1 Nd7 19. Re4 Nc5 20. Rf4 Nd3 21. Rh4 g5 22. Rh5 Bxd4 23. Rxg5+ Kh8 24. Nc3 Bxc3 25.
dxc3 b2 26. Rb1 Rxa3 27. Be4 Ra1 0-1

[Event "Early-Titled-Tuesday-Blitz-June-18-2024"]
[Site "Chess.com"]
[Date "2024.06.18"]
[Round "1"]
[White "Korchmar_Vasiliy"]
[Black "yonaltimur"]
[Result "1-0"]
[WhiteElo "2656"]
[BlackElo "2340"]
[TimeControl "180+1"]
[EndTime "8:05:54 PDT"]
[Termination "Korchmar_Vasiliy won on time"]

1. e4 c5 2. d4 cxd4 3. Qxd4 d6 4.
Nc3 Nc6 5. Qd3 Nf6 6. Nf3 g6 7. Be2 Bg7 8. O-O O-O 9. Nd5 Nxd5 10. exd5 Bf5 11. Qd1 Ne5 12. Nxe5 Bxe5 13. c3 Qb6 14. a4 Rfe8 15. a5 Qc7 16. Be3 Bg7 17. a6 b6 18.
h4 e5 19. h5 Bd7 20. h6 Bf8 21. Qd2 f5 22. Bg5 f4 23. g3 Bf5 24. Bb5 Bd7 25. Bd3 Bh3 26. Rfe1 Qd7 27. Qe2 Bg4 28. f3 Bf5 29. Bb5 Qf7 30. Bxe8 Rxe8 31. g4 Bd7 32. Qe4 Rc8 33. c4 1-0

[Event "Early-Titled-Tuesday-Blitz-June-18-2024"]
[Site "Chess.com"]
[Date "2024.06.18"]
[Round "1"]
[White "ChEsper99"]
[Black "Lion-Al-Messi"]
[Result "0-1"]
[WhiteElo "2268"]
[BlackElo "2621"]
[TimeControl "180+1"]
[EndTime "8:05:54 PDT"]
[Termination "Lion-Al-Messi won on time"]

1. Nf3 Nf6 2. g3 b6 3. Bg2 Bb7 4. O-O e6 5. d4 c5 6. c4 cxd4 7. Nxd4 Bxg2 8. Kxg2 Nc6 9. Nc3 Nxd4 10. Qxd4 Bc5 11.
Qd3 O-O 12. e4 Ng4 13. Bf4 d6 14. h3 Ne5 15. Bxe5 dxe5 16. Qxd8 Raxd8 17. Rfd1 Rd4 18. Rxd4 Bxd4 19. Rc1 Rd8 20. Kf3 Bc5 21. Ke2 Rd4 22.
b3 a6 23. Rd1 Kf8 24. f3 Ke7 25. Na4 Rxd1 26. Kxd1 Bd4 27. Kd2 Kd6 28. Nc3 f5 29.
Kd3 g5 30. g4 f4 31. Na4 Kc6 32. b4 b5 33. Nc3 Kb6 34. c5+ Kc6 35. Ne2 Bf2 36.
Kc3 Be1+ 37. Kb3 a5 38. a3 a4+ 39. Kb2 Bd2 40. Kc2 Be3 41. Kb2 Bd4+ 42. Ka2 Bxc5 43.
bxc5 Kxc5 44. Kb2 b4 45. axb4+ Kxb4 46. Nc1 Kc4 47. Ka2 Kd4 48. Ka3 Ke3 49. Kxa4 Kxf3 50.
Nd3 Kxe4 51. Nc5+ Kd5 52. Kb4 f3 53. Nd3 e4 54. Nf2 e3 55. Nd3 f2 0-1

[Event "Early-Titled-Tuesday-Blitz-June-18-2024"]
[Site "Chess.com"]
[Date "2024.06.18"]
[Round "1"]
[White "SaqoChess_Twitch"]
[Black "JJDAREK"]
[Result "1-0"]
[WhiteElo "2651"]
[BlackElo "2332"]
[TimeControl "180+1"]
[EndTime "8:05:55 PDT"]
[Termination "SaqoChess_Twitch won by resignation"]

1. d4 d6 2. Nf3 g6 3. c4 Bg7 4.
Nc3 e5 5. dxe5 dxe5 6. Qxd8+ Kxd8 7. Bg5+ f6 8. O-O-O+ Ke8 9. Bd2 Be6 10. e4 c6 11.
b3 Nd7 12. Kc2 Bh6 13. Bxh6 Nxh6 14. h3 Nf7 15. Ne1 Nc5 16. Nd3 Nxd3 17. Bxd3 Ke7 18.
Be2 Rhd8 19. Rxd8 Rxd8 20. Rd1 Rxd1 21. Bxd1 c5 22. Nb5 a6 23. Nc3 Nd6 24. Kd3 b6 25.
Ke3 a5 26. Bg4 f5 27. exf5 gxf5 28. Bf3 e4 29. Bh5 Kf6 30. Kf4 Nc8 31. g4 fxg4 32. Nxe4+ Ke7 33. Bxg4 Bxg4 34. hxg4 a4 35. Ke5 axb3 36.
axb3 Na7 37. Kd5 h6 38. f4 Kd7 39. Nf6+ Kc7 40. Ng8 Nc6 41. Nxh6 Nb4+ 42. Ke6 Nd3 43. f5 Nc1 44. f6 Nxb3 45. f7 Nd4+ 46. Kf6 1-0

[Event "Early-Titled-Tuesday-Blitz-June-18-2024"]
[Site "Chess.com"]
[Date "2024.06.18"]
[Round "1"]
[White "Korona_91"]
[Black "GMthekingindian"]
[Result "1-0"]
[WhiteElo "2676"]
[BlackElo "2364"]
[TimeControl "180+1"]
[EndTime "8:05:56 PDT"]
[Termination "Korona_91 won by resignation"]

1. e4 c5 2. Nf3 d6 3. Bb5+ Bd7 4. c4 g6 5. Nc3 Bg7 6. d4 cxd4 7. Nxd4 Nc6 8. Be3 Nf6 9. h3 Rc8 10. O-O a6 11. Bxc6 Bxc6 12. Qd3 Nd7 13. Nxc6 Rxc6 14. b3 Qa5 15. Bd2 Qe5 16. Rac1 Nc5 17. Qe2 Ne6 18. Nd5 Nd4 19. Qd3 e6 20. f4 Qh5 21. Nc3 f5 22.
Rce1 O-O 23. Be3 e5 24. Nd5 fxe4 25. Qxe4 Ne2+ 26. Kh2 exf4 27. Ne7+ Kh8 28. Nxc6 fxe3 29. Rxf8+ Bxf8 30. Qxe3 bxc6 31. Qxe2 Qh4 32. Rf1 Kg8 33. Qe6+ 1-0

[Event "Early-Titled-Tuesday-Blitz-June-18-2024"]
[Site "Chess.com"]
[Date "2024.06.18"]
[Round "1"]
[White "pospisku"]
[Black "TigrVShlyape"]
[Result "0-1"]
[WhiteElo "2534"]
[BlackElo "2989"]
[TimeControl "180+1"]
[EndTime "8:05:58 PDT"]
[Termination "TigrVShlyape won by resignation"]

1. e4 c5 2. Nf3 e6 3. d4 cxd4 4. Nxd4 a6 5. Bd3 Bc5 6. Nb3 Ba7 7. Nc3 Ne7 8. Qe2 b5 9. Be3 d6 10. O-O-O b4 11. Bxa7 Rxa7 12. Qe3 Qc7 13. Na4 Rb7 14. e5 dxe5 15. Rhe1 Nd7 16. Nac5 Nd5 17. Nxa6 Qd6 18. Qg3 O-O 19. Re4 Rb6 20. Rh4 f5 21. Qh3 h6 22.
Bc4 Bxa6 23. Bxa6 Rxa6 24. Kb1 N7f6 25. Nd2 Nf4 26. Qg3 Rd8 27. Rxh6 Ne4 0-1

[Event "Early-Titled-Tuesday-Blitz-June-18-2024"]
[Site "Chess.com"]
[Date "2024.06.18"]
[Round "1"]
[White "cthulhuuu"]
[Black "ELPRIMO0O0"]
[Result "1-0"]
[WhiteElo "2352"]
[BlackElo "2638"]
[TimeControl "180+1"]
[EndTime "8:05:58 PDT"]
[Termination "cthulhuuu won by resignation"]

1. e4 Nf6 2. d3 d5 3. Nd2 e5 4. Ngf3 Nc6 5. g3 Bc5 6. Bg2 O-O 7. O-O a5 8. c3 Re8 9. exd5 Nxd5 10. Nc4 f6 11. a4 Be6 12. Re1 Qd7 13. Qb3 Nb6 14. Qb5 Qe7 15. Nxb6 Bxb6 16. d4 Qf7 17. d5 Bxd5 18.
Ng5 Bxg2 19. Nxf7 Bh3 20. Be3 Kxf7 21. Bxb6 cxb6 22. Qxb6 Re7 23. f3 Rd8 24. Rad1 Red7 25. Rxd7+ Rxd7 26. Qb3+ Be6 27. Qc2 Ne7 28. Rd1 Bd5 29.
Qxh7 Be4 30. Qxg7+ Kxg7 31. Rxd7 1-0

[Event "Early-Titled-Tuesday-Blitz-June-18-2024"]
[Site "Chess.com"]
[Date "2024.06.18"]
[Round "1"]
[White "topce"]
[Black "pouya21"]
[Result "0-1"]
[WhiteElo "2498"]
[BlackElo "2875"]
[TimeControl "180+1"]
[EndTime "8:05:59 PDT"]
[Termination "pouya21 won by checkmate"]

1. c4 e5 2. Nc3 d6 3. e3 f5 4. d4 Nf6 5. Nge2 Be6 6. b3 Nbd7 7. Bb2 c6 8. g3 e4 9. Nf4 Bf7 10. h4 d5 11. c5 g6 12. b4 Rg8 13. a4 h6 14. Be2 g5 15. hxg5 hxg5 16. Nh5 Nxh5 17. Bxh5 Nf6 18. Bxf7+ Kxf7 19. Qb3 Kg6 20. Ne2 Qd7 21. b5 Be7 22. Bc3 Rh8 23. Rxh8 Rxh8 24. bxc6 bxc6 25. Rb1 Ng4 26. Qb7 Qe6 27. Kd2 Rh2 28.
Qxa7 Rxf2 29. Rb7 Bf6 30. Ke1 Rf3 31. Bd2 Nh2 32. Rb6 Rf1# 0-1

[Event "Early-Titled-Tuesday-Blitz-June-18-2024"]
[Site "Chess.com"]
[Date "2024.06.18"]
[Round "1"]
[White "publicaccountcze"]
[Black "MVM2008"]
[Result "0-1"]
[WhiteElo "2181"]
[BlackElo "2579"]
[TimeControl "180+1"]
[EndTime "8:06:03 PDT"]
[Termination "MVM2008 won by resignation"]

1. e4 c6 2. d4 d5 3. f3 g6 4. e5 c5 5. c3 Nc6 6. Be3 e6 7.
Bb5 Ne7 8. dxc5 Bg7 9. f4 Nf5 10. Bf2 h5 11. Nf3 Bd7 12. Bxc6 Bxc6 13. Nd4 Nxd4 14.
cxd4 Bb5 15. Nc3 Ba6 16. Qa4+ Kf8 17. b4 Bc4 18. Nb5 Qd7 19. Nc3 Qd8 20. O-O-O b5 21. Nxb5 a5 22. bxa5 Rxa5 23. Qc2 Rxb5 24. Kd2 Qa5+ 25.
Ke3 Qa3+ 26. Kd2 Rb2 27. Rc1 Qd3+ 28. Ke1 Rxc2 29. Rxc2 Qxc2 0-1

[Event "Early-Titled-Tuesday-Blitz-June-18-2024"]
[Site "Chess.com"]
[Date "2024.06.18"]
[Round "1"]
[White "Onischuk_V"]
[Black "Gryffindorac8"]
[Result "1-0"]
[WhiteElo "2830"]
[BlackElo "2472"]
[TimeControl "180+1"]
[EndTime "8:06:04 PDT"]
[Termination "Onischuk_V won by resignation"]

1. e4 c5 2. Nf3 d6 3. d4 cxd4 4. Nxd4 Nf6 5. Nc3 a6 6. a4 e5 7. Nf3 Be7 8. Bc4 Be6 9. Qe2 O-O 10. O-O Nc6 11. Rd1 Rc8 12. Ba2 Nb4 13. Bxe6 fxe6 14.
Nxe5 Qe8 15. Nd3 Nc6 16. Be3 Qg6 17. f3 Ne5 18. Nxe5 dxe5 19. Rd3 Bb4 20. Nd1 Rc7 21.
c3 Be7 22. Nf2 Nd7 23. b4 a5 24. Rad1 Qe8 25. Qb2 Kh8 26. Qb3 Rf6 27. Kf1 h5 28. bxa5 Nf8 29. Qb5 Rc6 30. Qxb7 Rc8 31. a6 Rb8 32.
Qc7 Ra8 33. a7 Ng6 34. Qd7 Qf8 35. Qc6 Nh4 36. Rb1 Rg6 37. Qxa8 Qxa8 38. Rb8+ 1-0